 Dungeon Crawl Stone Soup version 0.25.1-2-g60ff931df9 (webtiles) character file.

Game seed: 2968366176459710451

104 Johnny the Digger (level 4, -1/33 HPs)
             Began as a Demigod Earth Elementalist on Oct 27, 2020.
             Slain by a scorpion (9 damage)
             ... on level 2 of the Dungeon.
             The game lasted 00:01:34 (2433 turns).

Johnny the Digger (Demigod Earth Elementalist)      Turns: 2433, Time: 00:01:35

Health: -1/33      AC:  2    Str: 11    XL:     4   Next: 28%
Magic:  5/10       EV: 12    Int: 21    God:
Gold:   68         SH:  0    Dex: 16    Spells: 7/8 levels left

rFire    . . .     SeeInvis .   i - +0 dagger
rCold    . . .     Gourm    .   (no shield)
rNeg     . . .     Faith    .   c - +0 robe
rPois    .         Spirit   .   (no helmet)
rElec    .         Reflect  .   (no cloak)
rCorr    .         Harm     .   (no gloves)
MR       .....                  (no boots)
Stlth    ++........             (no amulet)
HPRegen  0.11/turn              (no ring)
MPRegen  0.12/turn              (no ring)

@: no status effects
A: high mp 1
a: no special abilities


You were on level 2 of the Dungeon.
You were not hungry.

You visited 1 branch of the dungeon, and saw 2 of its levels.

You collected 68 gold pieces.

Inventory:

Hand Weapons
 i - a +0 dagger (weapon)
Missiles
 b - 11 stones (quivered)
Armour
 c - a +0 robe (worn)
Scrolls
 a - a scroll of enchant weapon {unknown}
 h - a scroll of teleportation {unknown}
 j - 3 scrolls of blinking
Potions
 e - a potion of might {unknown}
Comestibles
 d - 3 rations
 g - a chunk of flesh


   Skills:
 - Level 1.7 Dodging
 - Level 1.7 Stealth
 + Level 2.7 Spellcasting
   Level 0.8 Transmutations
 * Level 4.3 Earth Magic


You had 7 spell levels left.
You knew the following spells:

 Your Spells              Type           Power        Failure   Level  Hunger
a - Sandblast             Erth           ###...       2%          1    None

Your spell library contained the following spells:

 Spells                   Type           Power        Failure   Level  Hunger
 Passwall                 Tmut/Erth      ##......     7%          2    ##.....
 Stone Arrow              Conj/Erth      ##....       17%         3    ###....
 Petrify                  Tmut/Erth      ##......     43%         4    ####...
 Lee's Rapid Deconstruct  Erth           ###.......   54%         5    ######.


Dungeon Overview and Level Annotations

Branches:
Dungeon (2/15)


Innate Abilities, Weirdness & Mutations

You have an increased reservoir of magic. (+10% MP)


Message History

Aim: a scorpion (moderately wounded)
The blast of sand hits the scorpion.
The scorpion is moderately wounded.
b - 12 stones The scorpion stings you.
* * * LOW HITPOINT WARNING * * *
Casting: Sandblast (safe; 2% risk of failure)
Confirm with . or Enter, or press ? or * to list all spells.
Aiming: Sandblast (safe; 2% risk of failure)
Press: ? - help, Shift-Dir - straight line, f/p - scorpion
Aim: a scorpion (moderately wounded)
The blast of sand hits the scorpion but does no damage.
The scorpion is moderately wounded.
b - 11 stones You feel sick.
The scorpion stings you.
* * * LOW HITPOINT WARNING * * *
You are more poisoned.
The scorpion poisons you!
It was a potion of curing.
You feel better. The scorpion stings you!
You die...

##..##.#.# #.#
##..##.#.#######.#
....<#...........#
###.)###.#######.#
##.# #.# #.# #..
#.# #.# ##.##.#
#.# .##.# #.#
..#.# #@# #.#.#
#s# #........#
#........#
#........#
.........#
#........#
#..!.....#
#........#


You could see a scorpion.

Vanquished Creatures
  Robin (D:2)
  2 adders (D:2)
  An ooze (D:1)
  2 worms (D:2)
  2 dart slugs (D:1)
  A leopard gecko (D:2)
  4 bats
  A giant cockroach (D:1)
  8 goblins
  12 hobgoblins
  7 jackals (D:1)
  5 kobolds
  3 frilled lizards
  5 rats (D:1)
54 creatures vanquished.

Notes
Turn   | Place    | Note
-------+----------+-------------------------------------------
     0 | D:1      | Johnny the Demigod Earth Elementalist began the quest for
                  | the Orb.
     0 | D:1      | Reached XP level 1. HP: 14/14 MP: 5/5
   431 | D:1      | Reached skill level 3 in Earth Magic
   665 | D:1      | Reached XP level 2. HP: 20/20 MP: 5/7
  1097 | D:1      | Reached XP level 3. HP: 20/26 MP: 2/9
  1834 | D:2      | Noticed Robin
  1838 | D:2      | Reached skill level 4 in Earth Magic
  1854 | D:2      | Killed Robin
  1854 | D:2      | Reached XP level 4. HP: 22/33 MP: 1/10
  2433 | D:2      | Slain by a scorpion

Illustrated notes

Levels and vault maps discovered:
D:1:      wander_arrival_desolate, layout_basic, hangedman_decor_lopped
D:2:      layout_basic, old_standard_altar, first_ration, cheibriados_altar_1,
          uniq_robin, uniq_jessica

Skill      XL: |  1  2  3 |
---------------+----------+-----
Earth Magic    | 3 4 |  4.3
Spellcasting   | 2 |  2.7
Dodging        | |  1.7
Stealth        | |  1.7
Transmutations | |  0.8

Action                   |  1- 3 |  4- 6 || total
-------------------------+-------+-------++-------
Melee: Unarmed           |    28 |       ||    28
       Dagger            |    54 |    22 ||    76
 Cast: Sandblast         |    52 |    15 ||    67
  Use: Scroll            |       |     1 ||     1
       Potion            |       |     1 ||     1
 Stab: Sleeping          |     3 |       ||     3
  Eat: Chunk             |     3 |     2 ||     5
Armor: Robe              |    31 |     3 ||    34
Dodge: Dodged            |    76 |     7 ||    83
